 Dungeon Crawl Stone Soup version 0.16-a0-3972-g91ea21f (console) character file.

108 MrRokkomies the Caller (level 4, -4/16 HPs)
             Began as a Felid Summoner on Feb 11, 2015.
             Slain by a wasp zombie (7 damage)
             ... on level 4 of the Dungeon.
             The game lasted 00:25:56 (4340 turns).

MrRokkomies the Caller (Felid Summoner)             Turns: 4340, Time: 00:25:56

Health: -4/16      AC:  1    Str:  6    XL:     4   Next: 58%
Magic:  5/12       EV: 18    Int: 17    God:
Gold:   171        SH:  0    Dex: 16    Spells: 3 memorised, 1 level left
                                        Lives:  0   Deaths: 1

rFire  . . .     SeeInvis +     (weapon unavailable)
rCold  . . .     Clarity  +     (armour unavailable)
rNeg   . . .     SustAb   .     (shield unavailable)
rPois  .         Gourm    .     (helmet unavailable)
rElec  .         Spirit   .     (cloak unavailable)
rCorr  .         Warding  .     (gloves unavailable)
rMut   .         Stasis   .     (boots unavailable)
MR     .....                    (no amulet)
Stlth  +++.......               (no ring)
                                (no ring)

@: quick, not resistant to hostile enchantments, fairly stealthy
A: paw claws, no armour, no weapons or thrown items, fangs 3, see invisible,
carnivore 3, clarity, speed 1, frail 1, shaggy fur 1, slow metabolism 1, strong
1, sharp paws
a: no special abilities


You were on level 4 of the Dungeon.
You were not hungry.

You visited 1 branch of the dungeon, and saw 4 of its levels.

You collected 171 gold pieces.

Inventory:

Scrolls
 f - a scroll of immolation
 i - a scroll of fear
 j - a scroll of remove curse
Potions
 d - 3 potions of brilliance
 e - a potion of agility
 g - 3 potions of haste
 h - 3 potions of curing
Books
 a - a Fen Folio

   Spells                             Type                      Level
   a - Corpse Rot                     Necromancy                   2
   b - Stone Arrow                    Conjuration/Earth            3
   c - Leda's Liquefaction            Hexes/Earth                  4
   d - Summon Forest                  Summoning/Translocation      5
   e - Hydra Form                     Transmutation                6
   f - Summon Hydra                   Summoning                    7
 b - a book of Callings

   Spells                             Type                      Level
   a - Summon Small Mammal            Summoning                    1
   b - Call Imp                       Summoning                    2
   c - Call Canine Familiar           Summoning                    3
   d - Summon Guardian Golem          Hexes/Summoning              4
   e - Summon Lightning Spire         Summoning/Air                4
   f - Summon Ice Beast               Ice/Summoning                4
Comestibles
 c - 4 meat rations
 k - a beef jerky


   Skills:
 - Level 2.6 Dodging
 + Level 3.7 Stealth
 - Level 3.0 Spellcasting
 * Level 5.3 Summonings
 * Level 1.5 Air Magic


You had one spell level left.
You knew the following spells:

 Your Spells              Type           Power        Failure   Level  Hunger
a - Summon Small Mammal   Summ           ###.         1%          1    None
b - Call Canine Familiar  Summ           ###.....     8%          3    ###....
c - Summon Lightning Spi  Summ/Air       ##......     45%         4    ####...


Dungeon Overview and Level Annotations

Branches:
Dungeon (4/15)
 Temple: D:4-7

Altars:
Kikubaaqudgha


Innate Abilities, Weirdness & Mutations

You cannot wear armour.
You are incapable of wielding weapons or throwing items.
You have razor-sharp teeth.
You have supernaturally acute eyesight.
You are carnivorous and can eat meat at any time.
You cover ground quickly.
You are covered in fur (AC +1).
You have a slow metabolism.
Your paws have sharp claws that are effective at stabbing.
You possess an exceptional clarity of mind.
You are frail (-10% HP).
Your muscles are strong. (Str +2)


Message History

Confirm with . or Enter, or press ? or * to list all spells.
Your bat hits the wasp zombie but does no damage.
The wasp zombie barely misses you. The wasp zombie hits you.
* * * LOW HITPOINT WARNING * * *
Your bat hits the wasp zombie. x2
Your bat hits the wasp zombie but does no damage.
Your hound bites the wasp zombie.
Your bat hits the wasp zombie but does no damage.
Your bat hits the wasp zombie but does no damage. x2
Your bat closely misses the wasp zombie.
Your quokka barely misses the wasp zombie.
Your bat hits the wasp zombie but does no damage.
Casting: Summon Small Mammal
Confirm with . or Enter, or press ? or * to list all spells.
The wasp zombie completely misses you.
A rat comes into view.
Casting: Summon Small Mammal
Confirm with . or Enter, or press ? or * to list all spells.
The wasp zombie hits you!
You die...

######(.#....#.#h.........#
###.######.#...........
######....# #.#...........
..........## #.#...........
######.....# #.#...........
#.....# #.#...##'####.
####..## #.######.# #.
#...# #.# #.##### #.#@# #.#
#......
####.#Z###.############ ..
#...br.r..........#
#...#...r##.##.######.#
.......................
#...#...h###.#.######.# ..
#......†........#
#...†.###r.###.## #.....#
<..#


You could see a wasp zombie, a rat, a friendly quokka and 2 friendly rats.

Vanquished Creatures
  4 orcs
  A bat skeleton (D:3)
  3 goblins
  4 hobgoblins (D:1)
  4 kobolds
  9 bats
  7 giant cockroaches
  4 giant newts
  A quokka (D:3)
  5 rats
42 creatures vanquished.

Vanquished Creatures (collateral kills)
  The ghost of tabulaattori the Shield-Bearer, a weakling FoFi (D:3)
  An orc wizard (D:3)
  A hound (D:4)
  4 gnolls (D:4)
  4 adders
  A worm (D:2)
  An adder skeleton (D:4)
  A giant gecko (D:2)
  6 orcs
  A bat skeleton (D:4)
  4 goblins
  2 hobgoblins
  2 jackals (D:4)
  A bat (D:2)
  A giant cockroach (D:4)
  2 giant newts
  2 kobolds (D:2)
  3 rats
38 creatures vanquished.

Vanquished Creatures (others)
  5 hounds
  2 bats
  10 quokkas
  6 rats
23 creatures vanquished.

Grand Total: 103 creatures vanquished

Notes
Turn   | Place    | Note
--------------------------------------------------------------
     0 | D:1      | MrRokkomies, the Felid Summoner, began the quest for the Orb.
     0 | D:1      | Reached XP level 1. HP: 7/7 MP: 4/4
   822 | D:1      | Reached XP level 2. HP: 11/11 MP: 5/5
  1574 | D:2      | Reached XP level 3. HP: 10/14 MP: 2/8
  1612 | D:2      | Learned a level 3 spell: Call Canine Familiar
  2372 | D:3      | Found an ancient bone altar of Kikubaaqudgha.
  2414 | D:3      | Gained mutation: You possess an exceptional clarity of mind. [potion of mutation]
  2414 | D:3      | Gained mutation: You are frail (-10% HP). [potion of mutation]
  2414 | D:3      | Gained mutation: Your muscles are strong. (Str +2) [potion of mutation]
  2525 | D:3      | Reached XP level 4. HP: 14/16 MP: 8/11
  2569 | D:3      | Reached skill level 5 in Summonings
  2653 | D:3      | Learned a level 4 spell: Summon Lightning Spire
  3266 | D:3      | Noticed tabulaattori's ghost (weakling FoFi)
  3303 | D:3      | Killed tabulaattori's ghost
  3997 | D:4      | Reached skill level 1 in Air Magic
  4038 | D:4      | Hit by a tomahawk thrown by an orc
  4039 | D:4      | Reached XP level 3. HP: -3/12 MP: 4/9
  4139 | D:4      | Reached XP level 4. HP: 16/16 MP: 1/12
  4340 | D:4      | Slain by a wasp zombie

Action                   |  1- 3 |  4- 6 || total
-------------------------+-------+-------++-------
Melee: Unarmed           |    90 |    80 ||   170
 Cast: Summon Small Mamm |    28 |    18 ||    46
       Call Canine Famil |    10 |    11 ||    21
  Use: Scroll            |    10 |     3 ||    13
       Potion            |     4 |       ||     4
 Stab: Sleeping          |    10 |     2 ||    12
  Eat: Chunk             |     2 |     2 ||     4
       Beef jerky        |       |     1 ||     1
